 Dungeon Crawl Stone Soup version 0.20-a0-4-gd166d5d (webtiles) character file.

466 dobroeutro the Carver (level 6, -3/52 HPs)
             Began as a Minotaur Fighter on Oct 31, 2016.
             Slain by sveltemanboy's ghost (13 damage)
             ... on level 4 of the Dungeon.
             The game lasted 00:03:32 (2216 turns).

dobroeutro the Carver (Minotaur Fighter)            Turns: 2216, Time: 00:03:33

Health: -3/52      AC:  9    Str: 22    XL:     6   Next: 81%
Magic:  5/5        EV:  8    Int:  5    God:
Gold:   174        SH:  9    Dex: 10    Spells: 0 memorised, 5 levels left

rFire  x . .     SeeInvis .     a - +0 long sword
rCold  + . .     Gourm    .     b - +0 scale mail
rNeg   . . .     Faith    .     c - +0 shield
rPois  .         Spirit   .     (helmet restricted)
rElec  .         Reflect  .     (no cloak)
rCorr  .         Harm     .     l - +0 pair of gloves
MR     .....     Rnd*Tele +     r - +0 pair of boots
Stlth  ..........               (no amulet)
                                p - ring of ice
                                e - ring of teleportation (curse)

@: no status effects
A: retaliatory headbutt, horns 2
a: no special abilities


You were on level 4 of the Dungeon.
You were not hungry.

You visited 1 branch of the dungeon, and saw 4 of its levels.

You collected 174 gold pieces.

Inventory:

Hand Weapons
 a - a +0 long sword (weapon)
Armour
 b - a +0 scale mail (worn)
 c - a +0 shield (worn)
 l - a +0 pair of gloves (worn)
 o - a +2 buckler
 r - a +0 pair of boots (worn)
Jewellery
 e - a cursed ring of teleportation (left hand)
 j - an uncursed ring of magical power
 p - a ring of ice (right hand)
 z - an uncursed ring of wizardry
Wands
 s - a wand of flame (32/48)
Scrolls
 g - a scroll of fog {unknown}
 i - 5 scrolls of identify {unknown}
 w - a scroll of immolation {unknown}
 x - a scroll of amnesia {unknown}
 y - a scroll of remove curse {unknown}
Potions
 d - a potion of might
 k - a potion of flight {unknown}
 m - a potion of resistance {unknown}
 n - 2 potions of curing {unknown}
 t - a potion of degeneration {unknown}
 u - a potion of brilliance {unknown}
Comestibles
 f - 3 bread rations
 h - 5 meat rations
 q - 2 beef jerkies
 v - 4 fruits
 A - 6 chunks of flesh


   Skills:
 + Level 3.9 Fighting
 + Level 8.3 Long Blades
 + Level 3.9 Armour
 + Level 1.0 Dodging
 + Level 3.9 Shields


You had 5 spell levels left.
You didn't know any spells.

Dungeon Overview and Level Annotations

Branches:
Dungeon (4/15)
 Temple: D:4-7

Altars:
Elyvilon
Hepliaklqana
Makhleb
Ru
Trog

Shops:
D:4 %

Annotations:
D:4 sveltemanboy's ghost, novice DsGl


Innate Abilities, Weirdness & Mutations

You reflexively headbutt those who attack you in melee.
You have a pair of horns on your head.


Message History

Sveltemanboy's ghost is moderately damaged.
Sveltemanboy's ghost hits you.
Your shield prevents you from hitting sveltemanboy's ghost.
Sveltemanboy's ghost is moderately damaged.
Sveltemanboy's ghost hits you!
You barely miss sveltemanboy's ghost.
Sveltemanboy's ghost is moderately damaged.
Sveltemanboy's ghost hits you!!
* * * LOW HITPOINT WARNING * * *
You are too injured to fight recklessly!
You are too injured to fight recklessly!
You are too injured to fight recklessly!
Sveltemanboy's ghost says, "They lied to you.
The Dungeon just goes down and down forever."
There is a hazy altar of Hepliaklqana here.
Sveltemanboy's ghost screams, "You must not succeed where I failed!"
Things that are here:
a flail of crushing; a chain mail Sveltemanboy's ghost whispers, "Soon you will have time, lots of time..."
Sveltemanboy's ghost hits you!
You die...

# .#######............. +
........)####.####.. #
.........##.....## .. #
.........#.......#... #
..>......#.......#... #
##+#######....._......+ #
#.......∩..#.......#...
#.......W..#.......#...
+......@...##.....## ... ##+##
#..........####.####....
.....#####....#####...........#
..............+
..+...#.........
..............# .#...#.$.......
..............# .#...#.........
..............# #####.........
#+####'###....# ..........
#........#....# .......##+#


You could see sveltemanboy's ghost.

Vanquished Creatures
  Edmund (D:4)
  An ice beast (D:3)
  Terence (D:2)
  Ijyb (D:2)
  2 worker ants (D:4)
  4 gnolls (D:2)
  4 adders
  An ooze (D:2)
  2 worms
  2 dart slugs
  A leopard gecko (D:1)
  6 bats
  5 giant cockroaches
  9 goblins
  6 hobgoblins
  5 jackals (D:1)
  11 kobolds
  5 frilled lizards
  7 rats
74 creatures vanquished.

Notes
Turn   | Place    | Note
-------+----------+-------------------------------------------
     0 | D:1      | dobroeutro the Minotaur Fighter began the quest for the Orb.
     0 | D:1      | Reached XP level 1. HP: 19/19 MP: 0/0
    39 | D:1      | Reached skill level 3 in Long Blades
    54 | D:1      | Reached XP level 2. HP: 25/26 MP: 1/1
   320 | D:1      | Reached skill level 4 in Long Blades
   364 | D:1      | Reached XP level 3. HP: 27/31 MP: 2/2
   627 | D:2      | Found a bloodstained altar of Trog.
   709 | D:2      | Reached skill level 5 in Long Blades
   738 | D:2      | Found a white marble altar of Elyvilon.
   853 | D:2      | Noticed Terence
   861 | D:2      | Killed Terence
   861 | D:2      | Reached XP level 4. HP: 26/39 MP: 3/3
   901 | D:2      | Reached skill level 6 in Long Blades
  1196 | D:2      | Reached XP level 5. HP: 45/45 MP: 4/4
  1342 | D:2      | Noticed Ijyb
  1348 | D:2      | Killed Ijyb
  1602 | D:3      | Found a bloodstained altar of Trog.
  1602 | D:3      | Found a faded altar of an unknown god.
  1607 | D:3      | Found a faded altar of an unknown god.
  1609 | D:3      | Found a faded altar of an unknown god.
  1611 | D:3      | Found a faded altar of an unknown god.
  1800 | D:3      | Noticed an ice beast
  1812 | D:3      | Killed an ice beast
  1812 | D:3      | Reached skill level 7 in Long Blades
  1812 | D:3      | Reached XP level 6. HP: 28/51 MP: 5/5
  1959 | D:3      | Found a sacrificial altar of Ru.
  2095 | D:4      | Found a burning altar of Makhleb.
  2135 | D:4      | Reached skill level 8 in Long Blades
  2156 | D:4      | Noticed Edmund
  2172 | D:4      | Killed Edmund
  2172 | D:4      | Reached skill level 1 in Dodging
  2178 | D:4      | Found a hazy altar of Hepliaklqana.
  2179 | D:4      | Found Nufulaz's Food Boutique.
  2186 | D:4      | Noticed sveltemanboy's ghost (novice DsGl)
  2216 | D:4      | Slain by sveltemanboy's ghost

Vault maps used:
D:1:      roderic_octagonal_star, minmay_misc_feat_tiny, minmay_split_cup_large
D:2:      elyvilon_altar_5, trog_hazing_becter, uniq_iyjb, uniq_terence
D:3:      nicolae_ru_path_of_blood, chequers_temple_overflow_minitemple,
          due_unseen_surprise
D:4:      bloody_makhleb, old_standard_altar, first_bread, serial_shops, shop,
          fedhas_altar_4, uniq_robin, uniq_edmund

Skill      XL: |  1  2  3  4  5  6 |
---------------+-------------------+-----
Long Blades    | 3 4 5 6 7 8 |  8.3
Dodging        | 1 |  1.0
Fighting       | |  3.9
Armour         | |  3.9
Shields        | |  3.9

Action                   |  1- 3 |  4- 6 || total
-------------------------+-------+-------++-------
Melee: Long sword        |    97 |    96 ||   193
       Headbutt          |    18 |    23 ||    41
  Eat: Chunk             |       |     4 ||     4
Armor: Scale mail        |    51 |    34 ||    85
Dodge: Dodged            |    32 |    27 ||    59
Block: Shield            |    66 |    35 ||   101
       Rpst.: Long sword |     8 |     8 ||    16
